 Dungeon Crawl Stone Soup version 0.20-a0-490-g2d938b1 (webtiles) character file.

4505 Eptagon the Fighter (level 10, -5/111 HPs)
             Began as an Ogre Berserker on Jan 15, 2017.
             Was a High Priest of Trog.
             Slain by an orc warrior
             ... wielding a +0 glaive
              (18 damage)
             ... on level 8 of the Dungeon.
             The game lasted 00:15:27 (7937 turns).

Eptagon the Fighter (Ogre Berserker)                Turns: 7937, Time: 00:15:28

Health: -5/111     AC:  6    Str: 26    XL:     10   Next: 39%
Magic:  10/10      EV: 12    Int:  8    God:    Trog [*****.]
Gold:   700        SH:  0    Dex:  8    Spells: 9/9 levels left

rFire    . . .     SeeInvis .   a - +0 giant club
rCold    . . .     Gourm    .   F - +0 animal skin
rNeg     . . .     Faith    .   (shield currently unavailable)
rPois    .         Spirit   .   (helmet restricted)
rElec    .         Reflect  .   e - +1 cloak
rCorr    .         Harm     .   (gloves unavailable)
MR       +....                  (boots unavailable)
Stlth    +.........             (no amulet)
Regen    0.2/turn               p - +4 ring of protection
                                i - -3 ring of protection (curse)

@: exhausted, very slightly contaminated, slowed, very slow
A: unfitting armour, tough skin 1
a: Berserk, Trog's Hand, Brothers in Arms, Burn Spellbooks, Renounce Religion


You were on level 8 of the Dungeon.
You worshipped Trog.
Trog was extremely pleased with you.
You were very hungry.

You visited 1 branch of the dungeon, and saw 8 of its levels.
You also visited: Ossuary.

You collected 700 gold pieces.

Inventory:

Hand Weapons
 a - a +0 giant club (weapon)
 b - a +1 antimagic flail
Armour
 e - a +1 cloak (worn)
 F - a +0 animal skin (worn)
Jewellery
 i - a cursed -3 ring of protection (left hand)
 p - a +4 ring of protection (right hand)
Wands
 l - a wand of digging (24/24)
 w - a wand of scattershot (0/9)
 x - a wand of confusion (11/48)
 y - a wand of flame (28/48)
 G - a wand of paralysis (0/24)
Scrolls
 f - 3 scrolls of fog
 k - 3 scrolls of enchant weapon
 q - a scroll of fear
 s - a scroll of blinking
 A - a scroll of magic mapping
 E - a scroll of recharging
Potions
 d - 2 potions of flight {unknown}
 g - a potion of might
 h - a potion of degeneration {unknown}
 j - a potion of berserk rage {unknown}
 n - 2 potions of brilliance
 o - a potion of resistance
 r - 2 potions of curing
 t - a potion of magic {unknown}
 v - a potion of invisibility
 C - a potion of agility {unknown}
 D - a potion of cure mutation {unknown}
Comestibles
 c - 7 bread rations
 m - 4 fruits
 u - 2 royal jellies
 z - 4 meat rations
 B - 3 chunks of flesh
 H - 2 beef jerkies
 I - 7 slices of pizza


   Skills:
 + Level 10.3 Fighting
 * Level 10.1 Maces & Flails
 + Level 7.3 Dodging


You had 9 spell levels left.
You didn't know any spells.

Dungeon Overview and Level Annotations

Branches:
Dungeon (8/15)             Temple (0/1) D:4
   Lair: D:8-11

Altars:
Elyvilon
Gozag
Kikubaaqudgha
Makhleb
Uskayaw
Yredelemnul

Shops:
D:6 =   D:7 }


Innate Abilities, Weirdness & Mutations

You are too large for most types of armour.
You have tough skin. (AC +1)


Message History

Press: ? - help, Dir - move target cursor, p - orc warrior You are very lightly contaminated with residual magic.
As you read the scroll of blinking, it crumbles to dust.
It was a potion of curing.
You feel better.
Something tries to affect you, but you resist.
Evoke which item? (* to show all) (? for menu, Esc to quit)
Aiming: Paralyse (will waste charges)
Press: ? - help, Shift-Dir - straight line, f - orc warrior
Aim: an orc warrior, wielding a glaive and wearing a plate armour (chance to defeat MR: 46%)
The orc warrior resists with some effort.
Evoking this partially-identified wand wasted a few charges.
The orc warrior barely misses you.
Evoke which item? (* to show all) (? for menu, Esc to quit)
Aiming: Paralyse (will waste charges)
Press: ? - help, Shift-Dir - straight line, f/p - orc warrior
Aim: an orc warrior, wielding a glaive and wearing a plate armour (chance to defeat MR: 46%)
The orc warrior resists with some effort.
Evoking this partially-identified wand wasted a few charges.
The orc warrior hits you from afar with a glaive!!
You die...

#### #..## #...###
##....####
#...o..o####
###.###..{o# #o#
####†....# #.#
#####...# #####@# ..
..######..>#.##
.........#....#
..........###..#
<......[..# ##.#####
..........## #.....#
..........###.###..#
..#.............#
...
.........##.##...# .


You could see an orc warrior and an orc.

Vanquished Creatures
  The ghost of M4edhros the Covert, a novice OpAr (D:5)
  6 yaks
  3 hogs (D:7)
  A human (D:7)
  A water moccasin (D:8)
  An orc warrior (D:7)
  2 ice beasts
  2 sky beasts (D:7)
  A phantom (D:4)
  5 ogres
  3 big kobolds (D:3)
  2 elf zombies (Ossuary)
  A bullfrog (D:4)
  2 scorpions
  3 wights (D:6)
  A howler monkey (D:7)
  2 crimson imps
  2 hounds
  An orc priest (D:8)
  An iguana (D:4)
  Jessica (D:2)
  4 orc wizards
  9 worker ants
  A killer bee zombie (D:7)
  5 big kobold zombies (Ossuary)
  3 mummies
  A hound skeleton (D:4)
  A worker ant zombie (D:6)
  A howler monkey zombie (D:6)
  8 adders
  5 gnolls
  2 shadow imps (D:5)
  An ooze (D:3)
  2 adder zombies
  An adder skeleton (D:7)
  3 worms
  A dart slug (D:1)
  6 leopard geckos
  15 orcs
  5 giant cockroaches
  A gnoll zombie (Ossuary)
  5 goblins
  6 hobgoblins
  11 jackals (D:4)
  45 kobolds
  5 quokkas
  A ball python (D:4)
  6 bats
  3 frilled lizards
  A giant cockroach zombie (D:5)
  2 goblin zombies (Ossuary)
  3 hobgoblin zombies
  A kobold zombie (D:6)
  A leopard gecko skeleton (D:4)
  4 orc zombies
  4 rats
215 creatures vanquished.

Notes
Turn   | Place    | Note
-------+----------+-------------------------------------------
     0 | D:1      | Eptagon the Ogre Berserker began the quest for the Orb.
     0 | D:1      | Reached XP level 1. HP: 24/24 MP: 1/1
   118 | D:1      | Reached XP level 2. HP: 23/32 MP: 2/2
   923 | D:2      | Found a faded altar of an unknown god.
   933 | D:2      | Reached XP level 3. HP: 40/40 MP: 3/3
   951 | D:2      | Noticed Jessica
   961 | D:2      | Killed Jessica
  1147 | D:2      | Reached XP level 4. HP: 23/49 MP: 4/4
  2469 | D:3      | Reached ** piety under Trog
  2694 | D:3      | Reached XP level 5. HP: 55/55 MP: 5/5
  2767 | D:3      | Noticed a big kobold
  2778 | D:3      | Killed a big kobold
  2778 | D:3      | Reached skill level 5 in Fighting
  2898 | D:3      | Noticed a big kobold
  2919 | D:3      | Reached XP level 6. HP: 55/66 MP: 6/6
  3239 | D:3      | Reached skill level 5 in Maces & Flails
  3247 | D:3      | Reached *** piety under Trog
  3430 | D:4      | Reached XP level 7. HP: 63/75 MP: 7/7
  3529 | D:4      | Reached **** piety under Trog
  3562 | D:4      | Found a sand-covered staircase.
  3570 | Ossuary  | Entered an ossuary
  3912 | Ossuary  | Reached XP level 8. HP: 46/84 MP: 8/8
  4272 | D:4      | Found a staircase to the Ecumenical Temple.
  4305 | D:4      | Found an ancient bone altar of Kikubaaqudgha.
  4305 | D:4      | Found an opulent altar of Gozag.
  4342 | D:4      | Reached skill level 5 in Dodging
  4592 | D:5      | Entered Level 5 of the Dungeon
  5031 | D:5      | Noticed M4edhros's ghost (novice OpAr)
  5040 | D:5      | Killed M4edhros's ghost
  5083 | D:5      | Found a burning altar of Makhleb.
  5421 | D:6      | Reached XP level 9. HP: 21/96 MP: 9/9
  5856 | D:6      | Reached ***** piety under Trog
  6576 | D:6      | Found Ydghazxuss's Jewellery Shop.
  6715 | D:7      | Found Zagu's Gadget Emporium.
  6727 | D:7      | Found a hide-covered altar of Uskayaw.
  6739 | D:7      | Received a gift from Trog
  6998 | D:7      | Found a white marble altar of Elyvilon.
  7133 | D:7      | Reached XP level 10. HP: 106/109 MP: 10/10
  7229 | D:7      | Found a basalt altar of Yredelemnul.
  7740 | D:7      | Reached skill level 10 in Fighting
  7913 | D:8      | Reached skill level 10 in Maces & Flails
  7929 | D:8      | HP: 2/111 [orc warrior/glaive (20)]
  7937 | D:8      | Slain by an orc warrior

Vault maps used:
D:1:      mrwooster_arrival_statue_3, serial_park_tiny_pond
D:2:      chequers_ecumenical_altar_simple_redux, serial_forest,
          infiniplex_forest_corner_1, infiniplex_forest_straight_3,
          infiniplex_forest_clump_curved, infiniplex_forest_straight_1,
          first_bread, uniq_jessica
D:3:      minmay_goblin_kobold_castle
D:4:      gammafunk_temple_overflow_pools, nicolae_ossuary_entry_plus
D:5:      old_standard_altar
D:6:      serial_shops, kennysheep_little_box, minmay_mini_ossuary
D:7:      eat_drink_and_be_merry_uskayaw, lemuel_crystal_altar,
          lemuel_doored_altar, serial_shops, nicolae_shop_statue_plus,
          grunt_livestock
D:8:      kennysheep_mini
Ossuary:  minmay_ossuary_gauntlet

Skill      XL: |  1  2  3  4  5  6  7  8  9 10 |
---------------+-------------------------------+-----
Maces & Flails | 3 4 5 6 7 9 10 | 10.1
Dodging        | 3 4 5 6 7 |  7.3
Fighting       | 5 6 8 9 10 | 10.3

Action                   |  1- 3 |  4- 6 |  7- 9 | 10-12 || total
-------------------------+-------+-------+-------+-------++-------
Melee: Mace              |    71 |   229 |   248 |       ||   548
       Giant club        |       |       |   122 |    64 ||   186
Invok: Berserk           |     2 |     6 |    11 |     2 ||    21
Evoke: Wand              |       |       |       |    13 ||    13
  Use: Scroll            |     4 |     6 |     6 |     1 ||    17
       Potion            |       |       |       |     1 ||     1
 Stab: Confused          |       |       |       |     2 ||     2
       Paralysed         |       |       |       |     2 ||     2
  Eat: Chunk             |     2 |    13 |    18 |     5 ||    38
       Fruit             |       |     1 |     1 |       ||     2
       Royal jelly       |       |       |     1 |       ||     1
Armor: Animal skin       |    13 |   120 |   133 |    39 ||   305
Dodge: Dodged            |    48 |   222 |   228 |    53 ||   551
